 Dungeon Crawl Stone Soup version 0.29.1-14-g9c671dbff4 (webtiles) character file.

Game seed: 2887050412517029146

245 Thatpatchoflichen the Chiller (level 6, -3/38 HPs)
             Began as a Kobold Ice Elementalist on Feb 12, 2023.
             Killed from afar by a white imp (8 damage)
             ... with a puff of frost
             ... on level 3 of the Dungeon.
             The game lasted 00:07:28 (4320 turns).

Thatpatchoflichen the Chiller (KoIE)                Turns: 4320, Time: 00:07:29

Health: -3/38      AC:  3    Str:  5    XL:     6   Next: 32%
Magic:  8/10       EV: 14    Int: 19    God:
Gold:   206        SH:  0    Dex: 15    Spells: 4/11 levels left

rFire   . . .      SeeInvis .   i - +1 short sword (drain)
rCold   . . .      Faith    .   (no shield)
rNeg    . . .      Spirit   .   h - +0 leather armour
rPois   .          Reflect  .   (no helmet)
rElec   .          Harm     .   (no cloak)
rCorr   .          Rampage  .   (no gloves)
Will    .....                   (no boots)
Stlth   +++.......              (no amulet)
HPRegen 0.12/turn               f - ring of wizardry
MPRegen 0.12/turn               (no ring)

@: no status effects
A: small, no large weapons, nightstalker 3
a: no special abilities


You were on level 3 of the Dungeon.
You visited 1 branch of the dungeon, and saw 3 of its levels.

You collected 206 gold pieces.

Inventory:

Hand Weapons
 d - a +2 dagger of speed
 i - a +1 short sword of draining (weapon)
 m - a +0 quarterstaff
Armour
 a - a +0 robe
 h - a +0 leather armour (worn)
 k - a +0 scale mail
 q - a +0 chain mail
Jewellery
 f - a ring of wizardry (left hand)
Scrolls
 c - a scroll of amnesia {unknown}
 e - 2 scrolls of teleportation {unknown}
 g - a scroll of poison {unknown}
 n - a scroll of fog {unknown}
 o - a scroll of enchant armour {unknown}
 p - a scroll of brand weapon {unknown}
 t - a scroll of identify {unknown}
Potions
 b - a potion of magic
 j - 2 potions of haste {unknown}
 l - 3 potions of brilliance {unknown}
 r - a potion of mutation {unknown}
 s - 2 potions of attraction {unknown}


   Skills:
 + Level 3.9 Fighting
 - Level 4.0 Dodging
 - Level 2.6 Stealth
 - Level 3.0 Spellcasting
 - Level 5.0 Ice Magic


You had 4 spell levels left.
You knew the following spells:

 Your Spells              Type           Power      Damage    Failure   Level
a - Freeze                Ice            84%        1d10      1%          1
b - Frozen Ramparts       Ice            42%        1d7       4%          3
c - Ozocubu's Armour      Ice            21%        N/A       4%          3

Your spell library contained the following spells:

 Spells                   Type           Power      Damage    Failure   Level
 Apportation              Tloc           4%         N/A       11%         1
 Necrotise                Necr           8%         1d4       11%         1
 Summon Small Mammal      Summ           8%         N/A       11%         1
 Hailstorm                Conj/Ice       12%        3d5       32%         4


Dungeon Overview and Level Annotations

Branches:
Dungeon (3/15)

Altars:
Gozag
Xom


Innate Abilities, Weirdness & Mutations

You are small and have problems with some larger weapons.
You are completely attuned to the shadows.


Message History

The puff of frost hits you!
You completely miss the white imp.
The white imp is heavily wounded.
The white imp hits you. The white imp freezes you.
You closely miss the white imp. Your punch misses the white imp.
The white imp is heavily wounded.
The white imp barely misses you.
Aiming: Freeze (safe; 1% risk of failure)
Press: ? - help, Q - select action, (/) - cycle Shift-Dir - straight line, f - white imp
Aim: a white imp (heavily wounded)
You freeze the white imp.
The white imp resists.
The white imp is heavily wounded.
The white imp hits you but does no damage.
Aiming: Freeze (safe; 1% risk of failure)
Press: ? - help, Q - select action, (/) - cycle Shift-Dir - straight line, f/p - white imp
Aim: a white imp (heavily wounded)
You freeze the white imp but do no damage.
The white imp completely resists.
The white imp barely misses you.
You closely miss the white imp.
The white imp is heavily wounded.
The white imp gestures at you. The puff of frost hits you!
You hit the white imp.
The white imp is heavily wounded.
The white imp hits you.
* * * LOW HITPOINT WARNING * * *
The white imp freezes you.
* * * LOW HITPOINT WARNING * * *
You hit the white imp but do no damage.
The white imp is heavily wounded.
The white imp barely misses you.
You hit the white imp.
The white imp is severely wounded.
The white imp closely misses you.
You hit the white imp.
The white imp is almost dead.
The white imp gestures at you. The puff of frost hits you!
You die...

###### .....# .$#........#
##...### ...#........# #
........ ............#.# #...###
...........5...# #....##
.....#.$...@# #......
#.......##.### ##......
#....†.###.# ##....##. #......#
#.# ######.....##. #......# #..
#.....>#...##. #......#
#.###########. #......## #.#
##.. ########...########.#####
##...
..........................##....


You could see a white imp.

Vanquished Creatures
  Terence (D:2)
  Natasha (thrice) (D:1)
  3 adders
  4 gnolls (D:2)
  2 worms
  2 dart slugs (D:1)
  3 endoplasms
  3 giant cockroaches
  6 goblins
  6 hobgoblins
  8 jackals
  3 quokkas
  6 ball pythons
  8 bats
  3 frilled lizards
  6 kobolds
  6 rats
73 creatures vanquished.

Vanquished Creatures (others)
  A hobgoblin (D:1)
1 creature vanquished.

Grand Total: 74 creatures vanquished

Notes
Turn   | Place    | Note
-------+----------+-------------------------------------------
     0 | D:1      | Thatpatchoflichen the Kobold Ice Elementalist began the
                  | quest for the Orb.
     0 | D:1      | Reached XP level 1. HP: 10/10 MP: 3/3
   316 | D:1      | Reached XP level 2. HP: 14/15 MP: 0/5
   494 | D:1      | Found a faded altar of an unknown god.
   736 | D:1      | Reached XP level 3. HP: 13/19 MP: 6/6
  1417 | D:1      | Learned a level 3 spell: Frozen Ramparts
  1421 | D:1      | Learned a level 3 spell: Ozocubu's Armour
  1968 | D:2      | Reached XP level 4. HP: 20/24 MP: 6/8
  2097 | D:2      | Noticed Natasha
  2112 | D:1      | Killed Natasha
  2317 | D:1      | Noticed Natasha
  2321 | D:1      | Killed Natasha
  2322 | D:1      | Reached skill level 1 in Fighting
  2322 | D:1      | Reached skill level 5 in Ice Magic
  2322 | D:1      | Reached XP level 5. HP: 25/29 MP: 6/9
  2506 | D:1      | Noticed Natasha
  2514 | D:1      | Killed Natasha
  2843 | D:2      | Noticed Terence
  2851 | D:2      | Killed Terence
  2900 | D:2      | Reached XP level 6. HP: 30/37 MP: 3/10
  3640 | D:2      | You fall into a shaft and drop 1 floor!
  3773 | D:3      | Found a shimmering altar of Xom.
  3825 | D:3      | Found an opulent altar of Gozag.
  4320 | D:3      | Killed from afar by a white imp

Illustrated notes

Levels and vault maps discovered:
D:1:      dpeg_arrival_water_temple_mockup, layout_loops_corners,
          shapermc_ecumenical_altar_notcrosses, hangedman_decor_points,
          nrook_campfire, kennysheep_flooded_box, minmay_quantized
D:2:      layout_loops_ring, nicolae_kite_square_tiling_tiny, uniq_natasha,
          uniq_terence
D:3:      layout_rooms, lemuel_coloured_pillars_altar,
          brannock_xom_greatest_gift

Skill      XL: |  1  2  3  4  5 |
---------------+----------------+-----
Dodging        | 3 4 |  4.0
Fighting       | 1 3 |  3.9
Spellcasting   | 3 |  3.0
Ice Magic      | 5 |  5.0
Stealth        | |  2.6

Action                   |  1- 3 |  4- 6 || total
-------------------------+-------+-------++-------
Melee: Unarmed           |     2 |       ||     2
       Dagger            |    33 |       ||    33
       Punch             |     1 |     2 ||     3
       Short sword       |    18 |    82 ||   100
 Cast: Freeze            |    19 |    20 ||    39
       Frozen Ramparts   |       |     3 ||     3
 Stab: Sleeping          |     9 |    14 ||    23
Armor: Robe              |     2 |       ||     2
       Leather armour    |    10 |    23 ||    33
Dodge: Dodged            |    50 |    75 ||   125
